 Dungeon Crawl Stone Soup version 0.11.3 (console) character file.

71993 Lightli the Fencer (level 15, -9/132 HPs)
             Began as a Minotaur Stalker on June 19, 2022.
             Was a High Priest of Okawaru.
             Killed by nerve-wracking pain
             ... invoked by an Executioner
              (14 damage)
             ... in the Abyss on June 20, 2022.
             The game lasted 01:12:11 (26678 turns).

Lightli the Fencer (Minotaur Stalker)              Turns: 26678, Time: 01:12:11

HP  -9/132       AC 28     Str 19      XL: 15   Next: 12%
MP  26/26        EV 29     Int  8 (9)  God: Okawaru [*****.]
Gold 1192        SH  0     Dex 20      Spells:  2 memorised, 13 levels left

Res.Fire  : + . .   See Invis. : .   w - +7,+8 triple sword "Kaososun" {god gift, s Res.Cold : x . . Warding : . s - +3 pearl dragon armour Life Prot.: + . . Conserve : . (no shield)
Res.Poison: .       Res.Corr.  : .   (helmet restricted)
Res.Elec. : .       Clarity    : .   G - +2 cloak "Wuff" {god gift, Dex-3 Curse}
Sust.Abil.: . .     Spirit.Shd : .   u - -1 pair of elf gloves
Res.Mut.  : .       Stasis     : .   p - +0 pair of boots
Res.Rott. : .       Ctrl.Telep.: x   R - amulet of faith
Saprovore : . . .   Levitation : .   Y - +2 ring of evasion Ctrl.Flight: .
                                     n - ring of fire

@: confused, agile, hasted, heroism, very quick, somewhat resistant to hostile
enchantments, unstealthy
A: retaliatory headbutt, horns 2, herbivore 1, slow healing 1, Str -1, Dex +1
a: Heroism, Finesse, Renounce Religion


You were in the Abyss.
You worshipped Okawaru.
Okawaru was exalted by your worship.
You were not hungry.

You visited 3 branches of the dungeon, and saw 23 of its levels.
You visited the Abyss 1 time.
You also visited: Sewer, Ossuary and Volcano.

You collected 1396 gold pieces.
You spent 224 gold pieces at shops.

Inventory:

Hand weapons
 a - the +6,+8 falchion "Lifebane" {freeze, rC+ rN+ Dex+4}
   (You found it on level 4 of the Lair of Beasts)

   It has been specially enchanted to freeze those struck by it, causing extra
   injury to most foes and up to double damage against particularly susceptible
   opponents.
   It can also slow down cold-blooded creatures.
   It affects your dexterity (+4).
   It protects you from cold.
   It protects you from negative energy.
 w - the +7,+8 triple sword "Kaososun" (weapon) {god gift, slice, Str+1 Dex+3}
   (Okawaru gifted it to you on level 6 of the Lair of Beasts)

   It inflicts extra damage upon your enemies.
   It affects your strength (+1).
   It affects your dexterity (+3).
 W - a +2,+2 scimitar of draining
Missiles
 r - a throwing net (quivered)
Armour
 p - a +0 pair of boots (worn)
 s - a +3 pearl dragon armour (worn)
 u - a -1 pair of elven gloves (worn)
 G - the cursed +2 cloak "Wuff" (worn) {god gift, Dex-3 Curse}
   (Okawaru gifted it to you on level 12 of the Dungeon)

   It affects your dexterity (-3).
   It may recurse itself.
   It has a curse placed upon it.
Magical devices
 c - a wand of cold (5)
 d - a wand of digging (9)
 e - a wand of disintegration (10)
 g - a wand of draining (7)
 h - a wand of paralysis (4)
 l - a wand of polymorph other (13)
 v - a wand of invisibility (1)
 y - a wand of enslavement (13)
 L - a wand of fireball (0)
 V - a wand of cold (3)
 Z - a wand of draining (8)
Comestibles
 b - 4 apples
 f - 6 bread rations
 k - 10 meat rations
 o - 12 honeycombs
 x - a lemon
 z - 2 pears
 N - a banana
 P - 2 chokos
 T - a lychee
Scrolls
 j - a scroll of blinking
Jewellery
 i - an uncursed amulet of warding
 m - an uncursed ring of sustenance
 n - a ring of fire (left hand)
 t - an uncursed ring of magical power
 F - an uncursed amulet of rage
 O - an uncursed ring of wizardry
 R - an amulet of faith (around neck)
 Y - a +2 ring of evasion (right hand)
Potions
 I - 5 potions of speed
 J - 3 potions of magic
 K - 3 potions of brilliance
 X - 4 potions of resistance


   Skills:
 - Level 15.2(20.2) Fighting
   Level 1.1(6.1) Short Blades
 - Level 18.4(23.4) Long Blades
 - Level 14.4(19.4) Armour
 + Level 11.4(16.4) Dodging
 - Level 1.5(6.5) Stealth
 - Level 1.7(6.7) Stabbing
 - Level 1.0 Spellcasting
 - Level 1.5 Transmutations
 - Level 11.3 Invocations
 - Level 5.0 Evocations


You had 13 spell levels left.
You knew the following spells:

 Your Spells              Type           Power        Failure   Level  Hunger
a - Fulsome Distillation  Trmt/Necr      N/A          65%         1    ##.....
b - Evaporate             Fire/Trmt      #......      86%         2    ###....


Dungeon Overview and Level Annotations

Branches:
Dungeon (14/27)            Temple (1/1) D:6             Orc (0/4) D:10
   Lair (8/8) D:12          Swamp (0/5) Lair:3        Snake (0/5) Lair:3
  Slime (0/6) Lair:8
 Vaults: D:14-19

Altars:
Ashenzari
Cheibriados
Elyvilon
Fedhas
Kikubaaqudgha
Makhleb
Okawaru
Trog
Xom
Zin
the Shining One

Shops:
D:12: !**[*

Portals:
Trove: D:14 (give +4 storm dragon armour)

Annotations
D:14 Louise; Sonja
Lair:4 glosham's ghost, powerful TeSt


Innate Abilities, Weirdness & Mutations

You reflexively headbutt those who attack you in melee.
You have a pair of horns on your head.
You digest meat inefficiently.
Your muscles are flexible, but weak (Str -1, Dex +1).
You heal slowly.


Message History

You slice the Executioner!! You headbutt the Executioner!
The Executioner is heavily wounded.
The Executioner hits you but does no damage.
The Executioner completely misses you.
The Executioner hits you but does no damage.
The Executioner hits you.
* * * LOW HITPOINT WARNING * * *
The Executioner barely misses you.
The Executioner hits you but does no damage.
The Executioner gestures at you. Pain shoots through your body!
* * * LOW HITPOINT WARNING * * *
You miss the Executioner.
The Executioner is moderately wounded.
The Executioner completely misses you. The Executioner closely misses you.
The Executioner hits you but does no damage.
Unknown command.
The Executioner gestures at you. Pain shoots through your body!
You die...

.. .....§.....
.. ..........
..≈...≈#....
##≈≈.≈.... #
##....#.......
##....≈# .#. .
##.....≈#.....#
#§1.≈........
.#
#..@.......#. #
#.......#..#. .
#....§..≈..≈..#
..§....≈......
#......##.....
.....≈###.....
. .
.......≈#.... .
....(...... # #
. .. .... # #


You could see an Executioner.

Vanquished Creatures
  The ghost of CrazyArbalest the Sniper, a powerful MiHu of Okawaru (D:13)
  Gastronok (D:12)
  The ghost of MisterOstroum the Slinger, a powerful SESt of Okawaru (Lair:7)
  5 hydras
  Erica (D:14)
  5 centaur warriors
  Urug (D:14)
  A large abomination (Abyss)
  5 unseen horrors
  A giant amoeba (D:11)
  A purple draconian skeleton (Abyss)
  A white draconian skeleton (Abyss)
  7 hill giants
  A guardian serpent (Abyss)
  A sea snake skeleton (Abyss)
  2 cyclopes (D:13)
  A griffon (Lair:7)
  A spiny worm (D:13)
  A dragon zombie (D:13)
  An elephant slug (Lair:8)
  18 elephants
  A spiny worm zombie (D:14)
  An orange demon (Abyss)
  4 black mambas
  5 spiny frogs
  A tormentor (Abyss)
  2 hellwings (Abyss)
  The ghost of P0WERM0DE the Insei, an experienced SECK of Cheibriados (Ossuary)
  5 ugly things (D:13)
  2 giant leeches (Lair:3)
  5 trolls
  6 polar bears (Lair:8)
  A queen bee (Lair:2)
  2 komodo dragons
  The ghost of P0WERM0DE the Skirmisher, an average SECK of Cheibriados (D:6)
  3 basilisks
  9 blink frogs
  12 grizzly bears
  A toenail golem (Volcano)
  30 yaks
  A merfolk zombie (Abyss)
  2 golden eyes (Abyss)
  6 humans (Volcano)
  5 redbacks (Lair:8)
  3 wraiths (D:13)
  A fire drake (Lair:5)
  A hungry ghost (D:11)
  A wood golem (D:14)
  Grum (D:13)
  2 wyverns
  21 war dogs
  A ynoxinul (Abyss)
  A mottled dragon (D:13)
  5 hippogriffs
  2 hell hounds (Lair:8)
  A merfolk (D:7)
  A vampire mosquito (D:11)
  A soldier ant (D:11)
  2 ice beasts
  4 sky beasts
  5 tengu (D:10)
  A yellow wasp (D:13)
  5 black bears (Lair:8)
  4 giant goldfish (Lair:5)
  6 orc warriors
  2 phantoms
  6 centaurs
  14 ogres
  A troll skeleton (D:14)
  4 wargs (Lair:8)
  A boring beetle (Lair:7)
  5 wolves (Lair:8)
  A giant slug (Lair:3)
  A giant frog (shapeshifter) (D:14)
  22 giant frogs
  A basilisk zombie (D:11)
  9 crocodiles
  8 water moccasins
  9 big kobolds
  A centaur zombie (Ossuary)
  4 agate snails
  4 basilisk skeletons
  5 jellyfish
  30 killer bees
  7 wights
  2 big kobold skeletons
  4 big kobold zombies (Ossuary)
  7 crimson imps
  3 goliath beetles
  A brain worm zombie (D:13)
  A shadow (D:11)
  19 hounds
  An iron imp (Abyss)
  3 orc priests
  8 big fish
  2 hound skeletons
  10 iguanas
  4 scorpions
  4 orc wizards
  An orange rat (D:12)
  9 porcupines
  7 worker ants
  A worker ant zombie (D:5)
  31 sheep
  Ijyb (D:5)
  15 jellies
  5 mummies
  A goliath beetle zombie (D:10)
  3 giant centipedes
  13 gnolls
  2 white imps (Abyss)
  29 adders
  3 adder zombies
  53 green rats
  8 worms
  8 ufetubi (Abyss)
  2 grey rats (Sewer)
  3 giant eyeballs
  10 giant geckos
  9 oozes
  30 orcs
  3 ball pythons
  26 bats
  13 goblins
  22 hobgoblins
  34 kobolds
  6 quokkas
  8 giant cockroaches
  A giant gecko skeleton (D:7)
  6 giant newts
  3 giant spores
  4 hobgoblin zombies
  37 jackals
  2 quokka skeletons
  22 rats
  6 ballistomycetes
  A plant (Lair:8)
  7 toadstools
881 creatures vanquished.

Vanquished Creatures (collateral kills)
  A black mamba (Lair:1)
  A yak (Lair:1)
2 creatures vanquished.

Vanquished Creatures (others)
  A hippogriff (Lair:4)
  A small abomination (Lair:1)
  A porcupine (Lair:4)
  A green rat (Lair:8)
  An orc (D:5)
  2 quokkas
  3 kobolds
  2 rats
  A ballistomycete (D:11)
  8 fungi
  5 plants (Lair:8)
  18 toadstools
44 creatures vanquished.

Grand Total: 927 creatures vanquished

Notes
Turn   | Place    | Note
--------------------------------------------------------------
     0 | D:1      | Lightli, the Minotaur Stalker, began the quest for the Orb.
     0 | D:1      | Reached XP level 1. HP: 16/16 MP: 1/1
   512 | D:1      | Reached XP level 2. HP: 20/23 MP: 1/1
   701 | D:1      | Reached skill level 3 in Fighting
   913 | D:2      | Found a white marble altar of Elyvilon.
   943 | D:2      | Reached XP level 3. HP: 23/29 MP: 2/2
   950 | D:2      | Reached skill level 4 in Fighting
  1224 | D:1      | Learned a level 2 spell: Evaporate
  1807 | D:2      | Reached XP level 4. HP: 37/37 MP: 3/3
  1810 | D:2      | what
  1868 | D:2      | okay then
  1925 | D:2      | Reached skill level 5 in Fighting
  2499 | D:3      | Reached XP level 5. HP: 44/44 MP: 3/3
  2902 | D:3      | Reached skill level 6 in Fighting
  3095 | D:4      | Noticed an ogre
  3193 | D:3      | Noticed a water moccasin
  3291 | D:4      | Noticed a centaur
  3302 | D:4      | Killed a centaur
  3302 | D:4      | Reached skill level 7 in Fighting
  3386 | D:4      | Reached XP level 6. HP: 32/52 MP: 4/4
  3669 | D:4      | Reached skill level 1 in Armour
  3864 | D:4      | Found a glowing silver altar of Zin.
  3864 | D:4      | Noticed a glowing angel
  4091 | D:4      | Killed an ogre
  4091 | D:4      | Reached XP level 7. HP: 29/59 MP: 4/4
  4157 | D:5      | Entered Level 5 of the Dungeon
  4282 | D:5      | Noticed Ijyb
  4298 | D:5      | Killed Ijyb
  4564 | D:5      | Reached skill level 5 in Armour
  4784 | D:5      | Found a sand-covered staircase.
  4808 | Ossuary  | Entered an ossuary
  4808 | Ossuary  | Noticed P0WERM0DE's ghost (experienced SECK)
  4819 | Ossuary  | Reached skill level 1 in Long Blades
  4853 | Ossuary  | Killed P0WERM0DE's ghost
  4853 | Ossuary  | Reached XP level 8. HP: 17/67 MP: 5/5
  4975 | Ossuary  | Reached skill level 5 in Long Blades
  5654 | D:6      | Noticed P0WERM0DE's ghost (average SECK)
  5935 | D:6      | Killed P0WERM0DE's ghost
  6184 | D:6      | Reached skill level 8 in Long Blades
  6231 | D:6      | Found a glowing drain.
  6247 | Sewer    | Entered a sewer
  6445 | Sewer    | Reached XP level 9. HP: 70/73 MP: 6/6
  6490 | Sewer    | Reached skill level 9 in Long Blades
  6965 | D:6      | Reached skill level 10 in Long Blades
  7056 | D:6      | Found a staircase to the Ecumenical Temple.
  7159 | Temple   | Entered the Ecumenical Temple
  7203 | Temple   | Became a worshipper of Warmaster Okawaru
  7962 | D:7      | Reached skill level 11 in Long Blades
  8093 | D:8      | Acquired Okawaru's first power
  8239 | D:8      | Found a glowing silver altar of Zin.
  8253 | D:8      | Reached skill level 12 in Long Blades
  8520 | D:9      | Reached XP level 10. HP: 39/81 MP: 6/6
  8552 | D:9      | Reached skill level 13 in Long Blades
  8600 | D:9      | Found a shattered altar of Ashenzari.
  8621 | D:9      | Paralysed by a giant eyeball for 3 turns
  8628 | D:9      | Paralysed by a giant eyeball for 3 turns
  9006 | D:9      | Found a blossoming altar of Fedhas.
  9013 | D:9      | Gained mutation: Your body is slowly deteriorating. [a kobold/wand of polymorph other]
  9018 | D:9      | Gained mutation: You occasionally shout uncontrollably. [a kobold/wand of polymorph other]
  9020 | D:9      | Gained mutation: You have a pair of large horns on your head. [potion of mutation]
  9020 | D:9      | Gained mutation: Your muscles are strong, but stiff (Str +1, Dex -1). [potion of mutation]
  9227 | D:10     | Entered Level 10 of the Dungeon
  9323 | D:10     | Noticed a hill giant
  9353 | D:10     | Reached skill level 14 in Long Blades
  9389 | D:10     | Gained mutation: Your vision is a little blurry. [a tengu/wand of polymorph other]
  9390 | D:10     | Gained mutation: Your body is deteriorating. [a tengu/wand of polymorph other]
  9391 | D:10     | Gained mutation: You digest meat inefficiently. [a tengu/wand of polymorph other]
  9625 | D:10     | Noticed a hill giant
  9637 | D:10     | Killed a hill giant
  9650 | D:10     | Killed a hill giant
  9650 | D:10     | Reached skill level 10 in Fighting
  9652 | D:10     | Acquired Okawaru's second power
 10014 | D:10     | Found a staircase to the Orcish Mines.
 10341 | D:11     | Reached XP level 11. HP: 72/92 MP: 6/6
 10411 | D:11     | Noticed a hill giant
 10411 | D:11     | Noticed a giant amoeba
 10411 | D:11     | Noticed a centaur warrior
 10411 | D:11     | Noticed a hill giant
 10861 | D:11     | Killed a giant amoeba
 11218 | D:10     | Killed a hill giant
 11497 | D:11     | Killed a centaur warrior
 11497 | D:11     | Received a gift from Okawaru
 11497 | D:11     | Reached skill level 10 in Armour
 11785 | D:11     | Killed a hill giant
 11785 | D:11     | Received a gift from Okawaru
 11789 | D:11     | Got a bloodstained cloak {god gift}
 11795 | D:11     | Identified the -5 cloak of Twiez {god gift} (Okawaru gifted it to you on level 11 of the Dungeon)
 11973 | D:11     | Noticed a hill giant
 12108 | D:11     | Noticed a centaur warrior
 12195 | D:11     | Killed a centaur warrior
 12480 | D:11     | Killed a hill giant
 12911 | D:12     | Found Lal Tefe's Distillery.
 12945 | D:12     | Bought a potion of paralysis for 15 gold pieces
 13054 | D:12     | Found a staircase to the Lair.
 13108 | D:12     | Received a gift from Okawaru
 13109 | D:12     | Got a faintly glowing cloak {god gift}
 13113 | D:12     | Identified the +2 cloak "Wuff" {god gift} (Okawaru gifted it to you on level 12 of the Dungeon)
 13155 | D:12     | Found Ylen's Assorted Antiques.
 13194 | D:12     | Reached skill level 1 in Invocations
 13194 | D:12     | Reached XP level 12. HP: 49/101 MP: 8/8
 13199 | D:12     | Found Ranejas' Armour Shoppe.
 13203 | D:12     | Bought a potion of mutation for 96 gold pieces
 13213 | D:12     | Found Kliamn's Assorted Antiques.
 13214 | D:12     | Noticed Gastronok
 13573 | D:12     | Found a bloodstained altar of Trog.
 13727 | D:12     | Killed an unseen horror
 13823 | D:12     | Killed Gastronok
 13932 | D:12     | Found Schogh's General Store.
 13936 | D:12     | Bought a scroll of blinking for 82 gold pieces
 13955 | D:12     | Bought a scroll labeled SIACIMPITOR for 31 gold pieces
 14086 | D:12     | Found a burning altar of Makhleb.
 14188 | Lair:1   | Entered Level 1 of the Lair of Beasts
 15221 | Lair:2   | Found a dark tunnel.
 15242 | Volcano  | Entered a volcano
 15310 | Volcano  | Received a gift from Okawaru
 15315 | Volcano  | Got an ichor-stained plate armour {god gift}
 15339 | Volcano  | Identified the -1 plate armour of Tenacity {god gift} (Okawaru gifted it to you in a volcano)
 15715 | Lair:2   | Lost mutation: Your muscles are strong, but stiff (Str +1, Dex -1). [potion of cure mutation]
 15715 | Lair:2   | Lost mutation: Your vision is a little blurry. [potion of cure mutation]
 15715 | Lair:2   | Lost mutation: You have a pair of large horns on your head. [potion of cure mutation]
 15715 | Lair:2   | Lost mutation: Your body is deteriorating. [potion of cure mutation]
 15715 | Lair:2   | Lost mutation: Your body is slowly deteriorating. [potion of cure mutation]
 15715 | Lair:2   | Lost mutation: You occasionally shout uncontrollably. [potion of cure mutation]
 16197 | Lair:2   | Reached skill level 10 in Invocations
 17105 | Lair:3   | Noticed a four-headed hydra
 17113 | Lair:3   | Killed a four-headed hydra
 17474 | Lair:3   | You fall through a shaft!
 17527 | Lair:4   | Noticed glosham's ghost (powerful TeSt)
 17792 | Lair:4   | Got a warped falchion
 17793 | Lair:4   | Identified the falchion "Lifebane" {freeze, rC+ rN+ Dex+4} (You found it on level 4 of the Lair of Beasts)
 17858 | Lair:4   | Reached skill level 5 in Dodging
 18036 | Lair:4   | Noticed a four-headed hydra
 18359 | Lair:3   | Reached XP level 13. HP: 25/107 MP: 24/24
 18624 | Lair:3   | Found a staircase to the Snake Pit.
 18644 | Lair:3   | Found a staircase to the Swamp.
 19141 | Lair:3   | Received a gift from Okawaru
 19563 | Lair:5   | Reached skill level 1 in Evocations
 20594 | Lair:6   | Received a gift from Okawaru
 20594 | Lair:6   | Reached skill level 5 in Evocations
 20595 | Lair:6   | Got a transparent triple sword {god gift}
 20596 | Lair:6   | Identified the triple sword "Kaososun" {god gift, slice, Str+1 Dex+3} (Okawaru gifted it to you on level 6 of the Lair of Beasts)
 20836 | Lair:7   | Noticed MisterOstroum's ghost (powerful SESt)
 20842 | Lair:7   | Killed MisterOstroum's ghost
 20907 | Lair:7   | Reached skill level 15 in Long Blades
 20951 | Lair:7   | Noticed a four-headed hydra
 20972 | Lair:7   | Killed a 16-headed hydra
 21114 | Lair:7   | Received a gift from Okawaru
 21254 | Lair:7   | Noticed a four-headed hydra
 21262 | Lair:7   | Reached skill level 16 in Long Blades
 21274 | Lair:7   | Killed a 12-headed hydra
 21682 | Lair:8   | Entered Level 8 of the Lair of Beasts
 21889 | Lair:8   | Reached skill level 17 in Long Blades
 21907 | Lair:8   | Got a slimy longbow
 21908 | Lair:8   | Identified the cursed -2,-5 longbow of Dewoesch (You found it on level 8 of the Lair of Beasts)
 22073 | Lair:8   | Found a staircase to the Slime Pits.
 22147 | Lair:8   | Noticed a seven-headed hydra
 22163 | Lair:8   | Killed a 13-headed hydra
 22330 | Lair:8   | Received a gift from Okawaru
 22334 | Lair:8   | Reached XP level 14. HP: 106/115 MP: 25/25
 22342 | Lair:8   | Reached skill level 18 in Long Blades
 22758 | Lair:8   | Got a crude longbow
 22759 | Lair:8   | Identified the +7,+0 longbow of the Coward (You found it on level 8 of the Lair of Beasts)
 23088 | Lair:8   | Received a gift from Okawaru
 24545 | D:13     | Noticed CrazyArbalest's ghost (powerful MiHu)
 24576 | D:13     | Killed CrazyArbalest's ghost
 24584 | D:13     | Noticed Grum
 24590 | D:13     | Killed Grum
 24979 | D:13     | Got a pitted golden ring
 24980 | D:13     | Identified the ring "Wohon" (You found it on level 13 of the Dungeon)
 25081 | D:14     | Entered Level 14 of the Dungeon
 25081 | D:14     | Noticed Sonja
 25084 | D:14     | Noticed Sonja
 25084 | D:14     | Sonja changed into Sonja the human
 25208 | D:13     | Received a gift from Okawaru
 25209 | D:13     | Got a twisted crystal plate armour {god gift}
 25236 | D:13     | Identified the +7 crystal plate armour "Volioz Yjoy" {god gift} (Okawaru gifted it to you on level 13 of the Dungeon)
 25594 | D:13     | Reached skill level 15 in Fighting
 25859 | D:14     | Noticed Urug
 25872 | D:14     | Killed Urug
 26090 | D:14     | Noticed Erica
 26100 | D:14     | Killed Erica
 26139 | D:14     | Reached skill level 10 in Dodging
 26161 | D:14     | Identified a scroll of acquirement
 26270 | D:14     | Found a portal to a secret trove of treasure.
 26304 | D:14     | Noticed Louise
 26305 | D:14     | Cast into the Abyss (Louise)
 26361 | Abyss    | Reached XP level 15. HP: 126/132 MP: 26/26
 26544 | Abyss    | Gained mutation: Your muscles are flexible, but weak (Str -1, Dex +1). [a neqoxec]
 26545 | Abyss    | Gained mutation: You heal slowly. [a neqoxec]
 26639 | Abyss    | Noticed an Executioner
 26642 | Abyss    | Paralysed by you for 5 turns
 26676 | Abyss    | HP: 5/132 [Executioner/nerve-wracking pain (10)]
 26678 | Abyss    | Killed from afar by an Executioner
